 Dungeon Crawl Stone Soup version 0.22.1-2-g9c5b331 (webtiles) character file.

893 nightchill the Geomancer (level 8, -12/45 HPs)
             Began as a Gargoyle Earth Elementalist on Nov 12, 2018.
             Was a Follower of Vehumet.
             Mangled by an orc warrior
             ... wielding a +4 flail
              (15 damage)
             ... on level 6 of the Dungeon.
             The game lasted 00:24:33 (7433 turns).

nightchill the Geomancer (GrEE)                     Turns: 7433, Time: 00:24:33

Health: -12/45     AC:  9    Str: 11    XL:     8   Next: 6%
Magic:  0/12       EV: 12    Int: 19    God:    Vehumet [*.....]
Gold:   331        SH:  0    Dex: 10    Spells: 4/13 levels left

rFire    . . .     SeeInvis .   G - +0 morningstar (vamp)
rCold    . . .     Gourm    .   (no shield)
rNeg     + . .     Faith    .   c - +0 robe
rPois    ∞         Spirit   .   H - +1 helmet
rElec    +         Reflect  .   (no cloak)
rCorr    .         Harm     .   (no gloves)
MR       .....                  (no boots)
Stlth    ++........             (no amulet)
HPRegen  0.15/turn              (no ring)
MPRegen  0.13/turn              (no ring)

@: no status effects
A: negative energy resistance 1, electricity resistance, unbreathing,
petrification resistance, rot immunity, AC +5
a: Renounce Religion


You were on level 6 of the Dungeon.
You worshipped Vehumet.
Vehumet was aware of your devotion.
You were not hungry.

You visited 1 branch of the dungeon, and saw 6 of its levels.
You also visited: Sewer.

You collected 331 gold pieces.

Inventory:

Hand Weapons
 a - a +2 whip of venom
 f - a +0 club
 l - a +0 whip
 n - a +0 hunting sling
 G - a +0 vampiric morningstar (weapon)
Missiles
 b - 35 stones (quivered)
 r - 3 tomahawks
 t - 28 sling bullets
Armour
 c - a +0 robe (worn)
 j - a +0 shield
 F - a +1 pair of gloves
 H - a +1 helmet (worn)
Jewellery
 v - an uncursed ring of wizardry {unknown}
 A - an uncursed ring of ice {unknown}
Wands
 w - a wand of enslavement (13)
 y - a wand of polymorph (17)
 C - a wand of paralysis (15)
Scrolls
 e - a scroll of amnesia
 g - 2 scrolls of teleportation
 k - 5 scrolls of magic mapping
 s - a scroll of identify
 u - 2 scrolls of blinking
 B - 3 scrolls of fog {unknown}
 E - 7 scrolls of remove curse
Potions
 i - 4 potions of might
 m - 2 potions of curing
 o - 5 potions of heal wounds
 p - 2 potions of degeneration {unknown}
 q - a potion of invisibility {unknown}
 x - 2 potions of flight {unknown}
 z - a potion of cancellation {unknown}
 D - 2 potions of agility {unknown}
Comestibles
 d - 8 rations
 h - a chunk of flesh


   Skills:
 + Level 2.4 Fighting
 * Level 2.2 Maces & Flails
 - Level 1.5 Dodging
 - Level 2.1 Stealth
 + Level 3.0 Spellcasting
 + Level 0.0 Conjurations
   Level 0.7 Transmutations
 + Level 9.9 Earth Magic


You had 4 spell levels left.
You knew the following spells:

 Your Spells              Type           Power        Failure   Level  Hunger
a - Sandblast             Erth           #####.       1%          1    None
b - Stone Arrow           Conj/Erth      ###...       6%          3    ###....
c - Lee's Rapid Deconstr  Erth           #####.....   7%          5    ######.

Your spell library contained the following spells:

 Spells                   Type           Power        Failure   Level  Hunger
 Sting                    Conj/Pois      #...         16%         1    None
 Passwall                 Tmut/Erth      ###.....     2%          2    ##.....
 Petrify                  Tmut/Erth      ###.....     17%         4    ####...


Dungeon Overview and Level Annotations

Branches:
Dungeon (6/15)
 Temple: D:4-7

Altars:
Dithmenos
Hepliaklqana
Trog
Vehumet
Wu Jian

Annotations:
D:4 exclusion: downstairs


Innate Abilities, Weirdness & Mutations

You are resistant to torment.
Your stone body is resilient. (AC +5)
You are immune to poison.
You resist negative energy. (rN+)
You are resistant to electric shocks. (rElec)
You can survive without breathing.
You are immune to petrification.
You are immune to rotting.


Message History

The orc warrior hits you with an enchanted flail!
The orc warrior hits you with an enchanted flail!!
Ouch! That really hurt!
* * * LOW HITPOINT WARNING * * *
You barely miss the orc warrior.
The orc warrior is severely wounded.
The orc warrior barely misses you.
You hit the orc warrior.
The orc warrior is severely wounded.
The orc warrior hits you with an enchanted flail!
* * * LOW HITPOINT WARNING * * *
Casting: Stone Arrow (safe; 6% risk of failure)
Confirm with . or Enter, or press ? or * to list all spells.
Aiming: Sandblast (safe; 1% risk of failure)
Press: ? - help, Shift-Dir - straight line, f/p - orc warrior
Aim: an orc warrior, wielding an enchanted flail and wearing a chain mail The blast of sand misses the orc warrior.
b - 35 stones The orc warrior hits you with an enchanted flail!
You die...

############
...........#
##########.# #.#.#
########.#.#
#........#.#############
#.######.......?@o..)..#
*,* #.......#########[#
#.####.###.#.#.....* *,*
.............>.#..,* *,*
#.####.#.#[##..#.#####.#
*,* *,#.#.#*..#<......#
*,* *,#.#.##..##.######
*,* *,#.#........# *,*
*,#......#####******


You could see an orc warrior.

Vanquished Creatures
  A sky beast (D:5)
  2 centaurs
  A howler monkey (D:6)
  A bullfrog zombie (D:5)
  A crimson imp (D:5)
  2 orc priests (D:5)
  3 iguanas
  Ijyb (D:5)
  A bullfrog skeleton (D:5)
  3 worker ants (D:4)
  A hound zombie (D:5)
  7 gnolls
  4 adders
  3 river rats (Sewer)
  2 shadow imps
  An ooze (D:3)
  An adder zombie (D:5)
  5 worms
  A dart slug (D:2)
  3 leopard geckos
  6 orcs
  A giant cockroach (D:2)
  6 hobgoblins
  10 jackals
  2 quokkas (D:2)
  7 ball pythons
  6 bats
  13 frilled lizards
  2 goblins (D:3)
  A jackal skeleton (D:5)
  11 kobolds
  A quokka zombie (D:5)
  11 rats
121 creatures vanquished.

Notes
Turn   | Place    | Note
-------+----------+-------------------------------------------
     0 | D:1      | nightchill the Gargoyle Earth Elementalist began the quest
                  | for the Orb.
     0 | D:1      | Reached XP level 1. HP: 10/10 MP: 3/3
   307 | D:1      | Reached skill level 4 in Earth Magic
   352 | D:1      | Reached XP level 2. HP: 15/15 MP: 1/5
  1485 | D:2      | Reached XP level 3. HP: 15/19 MP: 6/6
  1495 | D:2      | Reached skill level 5 in Earth Magic
  1704 | D:2      | Found a hazy altar of Hepliaklqana.
  2300 | D:2      | Found an ornate altar of the Wu Jian Council.
  2777 | D:3      | Reached XP level 4. HP: 24/24 MP: 7/7
  3476 | D:4      | Reached skill level 6 in Earth Magic
  3664 | D:4      | Learned a level 3 spell: Stone Arrow
  3891 | D:4      | Reached XP level 5. HP: 7/28 MP: 0/8
  4150 | D:4      | Reached skill level 7 in Earth Magic
  4522 | D:4      | Found a shadowy altar of Dithmenos.
  4651 | D:5      | Entered Level 5 of the Dungeon
  4725 | D:5      | Noticed a sky beast
  4729 | D:5      | Reached XP level 6. HP: 32/32 MP: 0/9
  4739 | D:4      | Reached skill level 8 in Earth Magic
  4930 | D:5      | Learned a level 5 spell: Lee's Rapid Deconstruction
  4950 | D:5      | Killed a sky beast
  4950 | D:5      | Reached skill level 9 in Earth Magic
  5204 | D:5      | Reached XP level 7. HP: 14/37 MP: 6/10
  5418 | D:5      | Reached skill level 1 in Fighting
  5418 | D:5      | Reached skill level 1 in Maces & Flails
  5549 | D:5      | Noticed Ijyb
  5689 | D:5      | Killed Ijyb
  5716 | D:5      | Found a radiant altar of Vehumet.
  5736 | D:5      | Became a worshipper of Vehumet
  6077 | D:5      | Noticed a moth of wrath
  6079 | D:5      | Found a bloodstained altar of Trog.
  6817 | D:6      | Found a glowing drain.
  6833 | Sewer    | Entered a sewer
  6855 | Sewer    | Reached XP level 8. HP: 43/44 MP: 12/12
  6894 | Sewer    | Reached * piety under Vehumet
  6894 | Sewer    | Offered knowledge of Sting by Vehumet.
  7433 | D:6      | Mangled by an orc warrior

Skill      XL: |  1  2  3  4  5  6  7  8 |
---------------+-------------------------+-----
Earth Magic    | 4 5 6 7 9 |  9.9
Fighting       | 2 |  2.4
Maces & Flails | 2 |  2.2
Spellcasting   | 3 |  3.0
Dodging        | |  1.5
Stealth        | |  2.1
Transmutations | |  0.7

Action                   |  1- 3 |  4- 6 |  7- 9 || total
-------------------------+-------+-------+-------++-------
Melee: Unarmed           |     7 |       |       ||     7
       Club              |    28 |       |       ||    28
       Whip              |   129 |    55 |     9 ||   193
       Morningstar       |       |       |    94 ||    94
Throw: Stone             |     1 |     6 |     6 ||    13
 Cast: Sandblast         |    26 |    39 |    38 ||   103
       Stone Arrow       |       |     6 |     7 ||    13
       Lee's Rapid Decon |       |     1 |     2 ||     3
  Use: Scroll            |       |       |    11 ||    11
 Stab: Sleeping          |     2 |       |     2 ||     4
  Eat: Chunk             |     7 |     9 |     6 ||    22
       Ration            |       |       |     2 ||     2
Armor: Robe              |    89 |    23 |    62 ||   174
Dodge: Dodged            |   130 |    54 |   105 ||   289
